 Dungeon Crawl Stone Soup version 0.30-a0-591-g3c58d2bc28 (webtiles) character file.

Game seed: 4990989624404996535

289650 cforsyth the Warrior (level 20, -1/135 HPs)
             Began as a Gargoyle Earth Elementalist on Jan 4, 2023.
             Was the Champion of Vehumet.
             Slain by a saltling (14 damage)
             ... in the Desolation of Salt.
             The game lasted 03:15:09 (74986 turns).

cforsyth the Warrior (Gargoyle Earth Elementalist) Turns: 74986, Time: 03:15:09

Health: -1/135     AC: 33    Str: 13    XL:     20   Next: 72%
Magic:  17/40      EV: 16    Int: 32    God:    Vehumet [******]
Gold:   3521       SH:  8    Dex: 12    Spells: 8/52 levels left

rFire   + . .      SeeInvis +    S - +7 double sword of Figidib {vamp, Int+2 Dex+2}
rCold   + . .      Faith    .    b - +2 buckler {AC+3}
rNeg    + . .      Spirit   .    X - +0 acid dragon scales
rPois   ∞          Reflect  .    x - +2 helmet
rElec   +          Harm     .    e - scarf {rC+ rF+}
rCorr   +          Rampage  .    T - +0 pair of gloves
Will    +....                    r - +2 pair of boots
Stlth   ++                       z - amulet of magic regeneration
HPRegen 0.42/turn                m - ring of see invisible
MPRegen 0.67/turn                t - +6 ring of intelligence

@: flying
A: sickness immunity, AC +15, big wings, negative energy resistance 1,
electricity resistance, torment resistance 1, petrification resistance,
deterioration 1
}: 2/15 runes: barnacled, gossamer
a: Renounce Religion


You were in the Desolation of Salt.
You worshipped Vehumet.
Vehumet was exalted by your worship.
You visited 7 branches of the dungeon, and saw 34 of its levels.
You also visited: Desolation.

You collected 4521 gold pieces.
You spent 1000 gold pieces at shops.

Inventory:

Hand Weapons
 M - a +0 dire flail of draining
 R - the +5 dagger "Sowul" {freeze, *Rage Will+ Str+9}
   (You found it on level 11 of the Dungeon)

   Str:       It affects your strength (+9).
   *Rage:     It berserks you when you make melee attacks (+20% chance).
   Will:      It increases your willpower.
 S - the +7 double sword of Figidib (weapon) {vamp, Int+2 Dex+2}
   (You found it on level 11 of the Dungeon)

   Int:       It affects your intelligence (+2).
   Dex:       It affects your dexterity (+2).
Armour
 b - a +2 buckler of protection (worn)
 e - a scarf of resistance (worn)
 l - the +0 buckler "Mewagyis" {rElec rC++ Regen+ Int-3}
   (You found it on level 1 of the Vaults)

   Int:       It affects your intelligence (-3).
   rC:        It greatly protects you from cold.
   rElec:     It insulates you from electricity.
   Regen:     It increases your rate of health regeneration.
 r - a +2 pair of boots (worn)
 x - a +2 helmet (worn)
 E - +0 swamp dragon scales
 T - a +0 pair of gloves (worn)
 X - +0 acid dragon scales (worn)
Jewellery
 j - a ring of willpower
 m - a ring of see invisible (left hand)
 t - a +6 ring of intelligence (right hand)
 z - an amulet of magic regeneration (around neck)
 C - a ring of wizardry
 I - the ring of Miam {rC+ Int+4}
   (You took it off a merfolk on level 4 of the Shoals)

   [ring of protection from cold]

   Int:       It affects your intelligence (+4).
   rC:        It protects you from cold.
 U - a +4 ring of slaying
 W - a ring of ice
 Y - a ring of positive energy
Wands
 a - a wand of iceblast (30)
 y - a wand of mindburst (4)
 D - a wand of quicksilver (18)
 G - a wand of polymorph (9)
 H - a wand of digging (12)
 N - a wand of paralysis (24)
Scrolls
 f - 5 scrolls of silence
 i - 6 scrolls of enchant weapon
 n - 8 scrolls of amnesia
 q - 11 scrolls of enchant armour
 s - 2 scrolls of fog
 v - 3 scrolls of poison
 w - 6 scrolls of magic mapping
 J - 2 scrolls of torment
 O - 4 scrolls of immolation
 P - 4 scrolls of vulnerability
Potions
 d - a potion of mutation
 g - 5 potions of lignification
 h - 8 potions of might
 p - 5 potions of curing
 u - 4 potions of brilliance
 A - 2 potions of berserk rage
 B - 4 potions of resistance
 F - 3 potions of invisibility
 L - 5 potions of magic
 Q - 4 potions of cancellation
 V - 4 potions of haste
 Z - 11 potions of ambrosia


   Skills:
 + Level 17.6 Fighting
 - Level 5.0 Armour
 + Level 14.0 Dodging
 - Level 2.1 Stealth
 - Level 10.0 Shields
 + Level 16.5 Spellcasting
 + Level 14.4 Conjurations
 - Level 5.0 Hexes
 - Level 8.0 Summonings
 - Level 0.7 Transmutations
 + Level 17.1 Earth Magic


You had 8 spell levels left.
You knew the following spells:

 Your Spells              Type           Power      Damage    Failure   Level
a - Sandblast             Erth           100%       2d20      0%          1
b - Stone Arrow           Conj/Erth      100%       3d13      0%          3
c - Lee's Rapid Deconstr  Erth           47%        3d22*     1%          5
d - Tukima's Dance        Hex            55%        N/A       1%          3
e - Leda's Liquefaction   Hex/Erth       39%        N/A       1%          4
f - Spellforged Servitor  Conj/Summ      39%        N/A       6%          7
g - Iron Shot             Conj/Erth      45%        9d9       1%          6
h - Borgnjor's Vile Clut  Necr/Erth      34%        N/A       2%          5
i - Fireball              Conj/Fire      32%        3d14      1%          5
j - Yara's Violent Unrav  Hex/Tmut       22%        3d10      6%          5

Your spell library contained the following spells:

 Spells                   Type           Power      Damage    Failure   Level
 Chain Lightning          Conj/Air       32%        3d42      100%        9
 Fire Storm               Conj/Fire      32%        8d8       100%        9
 Polar Vortex             Ice            13%        N/A       100%        9
 Magic Dart               Conj           100%       1d8       0%          1
 Ensorcelled Hibernation  Hex/Ice        84%        N/A       1%          2
 Passwall                 Tmut/Erth      59%        N/A       1%          2
 Poisonous Vapours        Pois/Air       52%        N/A       1%          2
 Scorch                   Fire           52%        2d8       1%          2
 Static Discharge         Conj/Air       100%       2-7/arc   1%          2
 Mephitic Cloud           Conj/Pois/Air  55%        N/A       1%          3
 Animate Armour           Summ/Erth      100%       N/A       1%          4
 Flame Wave               Conj/Fire      64%        2d15      1%          4
 Petrify                  Tmut/Erth      71%        N/A       1%          4
 Arcjolt                  Conj/Air       32%        1d42      1%          5
 Irradiate                Conj/Tmut      33%        3d22      1%          5
 Lightning Bolt           Conj/Air       32%        1d49      1%          5
 Sting                    Tmut/Pois      100%       1d8       2%          1
 Portal Projectile        Hex/Tloc       84%        N/A       3%          3
 Blink                    Tloc           52%        N/A       4%          2
 Summon Lightning Spire   Summ/Air       51%        N/A       5%          4
 Spider Form              Tmut/Pois      28%        N/A       7%          3
 Olgreb's Toxic Radiance  Pois           26%        N/A       7%          4
 Lehudib's Crystal Spear  Conj/Erth      45%        10d11     7%          8
 Gell's Gravitas          Tloc           26%        N/A       9%          3
 Lesser Beckoning         Tloc           52%        N/A       9%          3
 Teleport Other           Tloc           26%        N/A       9%          3
 Vhi's Electric Charge    Tloc/Air       52%        N/A       9%          3
 Anguish                  Hex/Necr       21%        N/A       10%         4
 Summon Cactus Giant      Summ           33%        N/A       16%         6
 Dispel Undead            Necr           26%        3d13      26%         4
 Manifold Assault         Tloc           26%        N/A       26%         4
 Metabolic Englaciation   Hex/Ice        21%        N/A       26%         5
 Blade Hands              Tmut           15%        N/A       50%         5
 Alistair's Intoxication  Tmut/Pois      18%        N/A       54%         5
 Eringya's Noxious Bog    Tmut/Pois      14%        N/A       63%         6
 Death Channel            Necr           13%        N/A       99%         6
 Dragon Form              Tmut           15%        N/A       100%        7
 Storm Form               Tmut/Air       14%        N/A       100%        7
 Maxwell's Capacitive Co  Air            13%        ∞         100%        8
 Shatter                  Erth           47%        3d36*     50%         9
 Cigotuvi's Dreadful Rot  Necr/Pois/Air  Unusable   N/A       N/A         2
 Statue Form              Tmut/Erth      Unusable   N/A       N/A         6

Dungeon Overview and Level Annotations

Branches:
Dungeon (15/15)            Temple (1/1) D:4            Lair (5/5) D:9
 Shoals (4/4) Lair:3       Spider (4/4) Lair:3        Slime (0/5) Lair:5
    Orc (2/2) D:12            Elf (0/3) Orc:2        Vaults (3/5) D:13
  Crypt (0/3) Vaults:2     Depths (0/4) D:15        Desolation (1/1)

Altars:
Ashenzari
Cheibriados
Dithmenos
Elyvilon
Fedhas
Gozag
Hepliaklqana
Kikubaaqudgha
Makhleb
Nemelex Xobeh
Okawaru
Qazlal
Ru
Sif Muna
Trog
Uskayaw
Vehumet
Wu Jian
Xom
Yredelemnul
Zin
The Shining One
Jiyva

Shops:
D:1 !   D:6 [[   D:14 [   Orc:1 (   Orc:2 :***   Vaults:1 :[


Innate Abilities, Weirdness & Mutations

You are immune to sickness and miasma.
Your stone body is resilient. (AC +15)
You are immune to poison.
Your large and strong wings let you fly.
You resist negative energy. (rN+)
You are resistant to electric shocks. (rElec)
You are resistant to unholy torment.
You are immune to petrification.
Your body sometimes deteriorates upon taking damage.


Message History

You feel better.
Unknown command.
You block the saltling's attack.
Unknown command.
Unknown command.
The saltling attacks as you move away! The saltling hits you!!
* * * LOW HITPOINT WARNING * * *
The saltling closely misses you.
You feel much better. The saltling hits you.
* * * LOW HITPOINT WARNING * * *
The saltling closely misses you.
Casting: Spellforged Servitor (dangerous; 6% risk of failure)
Confirm with . or Enter, or press ? or * to list all spells.
You summon a servant imbued with your destructive magic!
The saltling hits you but does no damage.
You block the saltling's attack.
Unknown command.
The saltling attacks as you move away!
The saltling hits you but does no damage.
The saltling hits you!
* * * LOW HITPOINT WARNING * * *
The guardian serpent coils itself and waves its upper body at you.
The saltling blinks into view! x2; The guardian serpent blinks into view!
The saltling blinks!
The peacekeeper blinks into view!
The saltling blinks into view!
The saltling blinks!
You block the saltling's attack.
Unknown command.
Okay, then.
You completely miss the guardian serpent.
The saltling no longer looks unusually strong.
The peacekeeper bites you but does no damage.
The peacekeeper claws you but does no damage.
The saltling hits you but does no damage.
The guardian serpent completely misses you.
You block the saltling's attack.
The saltling hits you but does no damage.
You block the saltling's attack. The saltling hits you!
* * * LOW HITPOINT WARNING * * *
The saltling hits you!
You die...

#..................#
#............S......
#..).............)§§
#...).....§.9....§§§
#.....)S..§§.9...§§§
#.....8............§
#.......§§§.....§.§9
#.999....§§§§...§9§§
#.9@99.§9§§§§...§9..
#.S99.§9.§§§§..§§§§§
####################
####################
####################
####################
####################
####################
##################


You could see a peacekeeper, 2 guardian serpents, 8 saltlings and a friendly
spellforged servitor (summoned).

Vanquished Creatures
  Jory (Vaults:3)
  Rupert (Orc:2)
  A lich (Vaults:2)
  A kraken (Shoals:1)
  Gastronok (Lair:1)
  Frances (D:12)
  A sphinx (Vaults:1)
  Agnes (D:14)
  An imperial myrmidon (Desolation)
  7 emperor scorpions
  4 frost giants
  Louise (Shoals:1)
  A curse skull (Vaults:2)
  7 ghost moths
  2 angels (Vaults:3)
  3 vault wardens
  An orc warlord (Vaults:1)
  An ironbound preserver (Vaults:2)
  An ironbound thunderhulk (Vaults:1)
  A broodmother (Spider:1)
  A war gargoyle (Vaults:3)
  A vampire knight (D:12)
  3 dire elephants
  Nessos (D:15)
  2 spark wasps
  Azrael (D:13)
  The ghost of Jocum the Warrior, a journeyman MiFi of Lugonu (D:13)
  A crystal guardian (Vaults:1)
  The ghost of testman the Carver, a journeyman MfGl of Okawaru (D:12)
  3 ragged hierophants (Desolation)
  7 merfolk impalers
  4 entropy weavers
  2 merfolk javelineers
  2 yaktaur captains
  4 ettins
  A servant of whispers (Desolation)
  4 rakshasas (D:15)
  Erolcha (D:10)
  A vault guard (Vaults:2)
  Fannar (D:12)
  2 ironbound frosthearts
  5 peacekeepers
  11 hydras
  The ghost of billz999 the Skirmisher, a journeyman DjIE of Makhleb (D:10)
  A catoblepas (Lair:5)
  A radroach (Spider:2)
  An ogre mage (Vaults:1)
  2 jorogumos
  18 centaur warriors
  A merfolk avatar (Shoals:4)
  2 alligator snapping turtles
  A merfolk aquamancer (Shoals:4)
  5 two-headed ogres
  2 satyrs
  2 death knights (Vaults:2)
  6 boulder beetles
  4 tengu warriors
  15 death yaks
  4 orc high priests
  2 alligators (Lair:5)
  A deep troll shaman (Lair:5)
  A titan zombie (D:11)
  Sonja (D:13)
  2 deep elf knights
  The ghost of bmack86 the Cleaver, a novice MiFi (D:6)
  Amaemon (D:10)
  Nergalle (D:10)
  5 pharaoh ants
  8 skeletal warriors
  Lodul (D:13)
  6 sea snakes
  A deep troll (Vaults:1)
  10 orb spiders
  5 ironbound convokers
  3 steelbarb worms
  2 lindwurms
  A glowing orange brain (D:15)
  3 deep elf pyromancers
  A wizard (Vaults:2)
  21 wolf spiders
  10 harpies
  2 deep elf zephyrmancers (D:13)
  9 orc knights
  5 orc sorcerers
  19 ugly things
  4 fauns
  An elephant (shapeshifter) (D:13)
  A necromancer (D:12)
  10 manticores
  21 cyclopes
  21 elephants
  3 guardian serpents (Desolation)
  3 stone giant zombies (D:11)
  A spectral centaur (D:12)
  4 vault sentinels
  4 water nymphs
  7 merfolk sirens
  10 black mambas
  Joseph (D:9)
  A gargoyle (D:11)
  5 demonic crawlers
  An orange demon (D:10)
  9 cane toads
  7 torpor snails
  An unseen horror (D:12)
  Maggie (D:9)
  3 kobold demonologists (D:10)
  9 yaktaurs
  A tengu conjurer (D:15)
  A rime drake (Lair:5)
  A freezing wraith (D:14)
  9 komodo dragons
  A red devil (D:14)
  A queen bee (Spider:2)
  A hellwing (D:13)
  3 polar bears
  3 wind drakes
  11 trolls
  A wolf spider simulacrum (D:12)
  13 merfolk
  4 nameless horrors
  10 meliai
  8 saltlings (Desolation)
  33 tarantellas
  17 blink frogs
  4 dream sheep
  3 snapping turtles
  A centaur simulacrum (D:12)
  19 slime creatures
  3 water elementals
  19 culicivoras
  18 jumping spiders
  3 wraiths
  18 yaks
  3 fire elementals (D:13)
  6 wyverns
  3 basilisks
  A chaos spawn (D:14)
  A human (shapeshifter) (D:15)
  A neqoxec (D:14)
  46 redbacks
  3 wargs
  14 vampire mosquitoes
  Menkaure (D:7)
  A redback simulacrum (D:12)
  2 acid dragons
  3 hell hounds (D:13)
  16 water moccasins
  A swamp drake (D:12)
  A sky beast (D:7)
  25 orc warriors
  8 black bears
  A meliai simulacrum (D:11)
  19 wolves
  A boggart (shapeshifter) (D:14)
  3 boggarts (Vaults:2)
  7 centaurs
  14 ogres
  2 phantoms
  12 kobold brigands
  3 gnoll sergeants
  12 bullfrogs
  A necrophage (D:4)
  12 scorpions
  20 killer bees
  7 electric eels
  3 howler monkeys
  4 crimson imps (D:10)
  3 hounds
  7 jellies
  A gnoll bouda (D:10)
  12 orc priests
  3 iguanas
  Jessica (D:2)
  24 orc wizards
  A hell rat (Lair:5)
  22 gnolls
  7 adders
  A white imp (D:5)
  An ufetubus (D:4)
  4 worms
  2 dart slugs
  70 orcs
  7 bats
  6 endoplasms
  3 giant cockroaches
  6 hobgoblins
  8 jackals (D:2)
  5 quokkas
  5 ball pythons
  A frilled lizard (D:3)
  3 goblins
  15 kobolds
  4 rats
  5 tentacles
1104 creatures vanquished.

Vanquished Creatures (collateral kills)
  Bai Suzhen (Shoals:3)
  A kraken (Shoals:4)
  A tengu reaver (Vaults:1)
  Donald (Vaults:2)
  An emperor scorpion (Spider:4)
  An ironbound preserver (Vaults:1)
  An ironbound thunderhulk (Vaults:1)
  5 dire elephants
  2 crystal guardians
  2 merfolk javelineers (Shoals:4)
  An entropy weaver (Vaults:2)
  3 merfolk impalers
  A yaktaur captain (Vaults:1)
  A ragged hierophant (Desolation)
  2 servants of whispers (Desolation)
  2 peacekeepers
  2 merfolk aquamancers
  6 centaur warriors
  An ironbound frostheart (Vaults:2)
  An alligator snapping turtle (Shoals:2)
  A skeletal warrior (Vaults:2)
  7 sea snakes
  A goliath frog (Shoals:2)
  3 ironbound convokers
  5 deep trolls
  2 orc knights (Vaults:1)
  A steelbarb worm (Spider:4)
  9 harpies
  A wolf spider (Spider:4)
  A faun (Shoals:3)
  An ugly thing (Vaults:2)
  3 manticores
  A cyclops (Shoals:4)
  5 merfolk sirens
  A moth of wrath (Spider:4)
  A water nymph (Shoals:2)
  A guardian serpent (Desolation)
  A vault sentinel (Vaults:1)
  A molten gargoyle (Desolation)
  A yaktaur (Vaults:1)
  10 merfolk
  2 nameless horrors
  23 saltlings (Desolation)
  3 wind drakes
  5 snapping turtles
  6 water elementals
  9 slime creatures
  A jumping spider (Vaults:1)
  2 redbacks
  2 tentacles
146 creatures vanquished.

Vanquished Creatures (others)
  An orc priest (Orc:2)
  An orc wizard (Orc:2)
  2 orcs
  5 demonic plants (D:14)
  62 fungi
  131 plants
  8 tentacles
210 creatures vanquished.

Grand Total: 1460 creatures vanquished

Notes
Turn   | Place    | Note
-------+----------+-------------------------------------------
     0 | D:1      | cforsyth the Gargoyle Earth Elementalist began the quest
                  | for the Orb.
     0 | D:1      | Reached XP level 1. HP: 10/10 MP: 3/3
    73 | D:1      | Reached XP level 2. HP: 15/15 MP: 1/5
   397 | D:1      | Found Hussom's Distillery.
   774 | D:1      | Reached XP level 3. HP: 19/19 MP: 3/6
  1092 | D:2      | Noticed Jessica
  1110 | D:2      | Killed Jessica
  1111 | D:2      | Reached XP level 4. HP: 19/24 MP: 4/8
  1327 | D:2      | Reached skill level 5 in Earth Magic
  1757 | D:3      | Reached XP level 5. HP: 28/28 MP: 7/10
  2059 | D:3      | You fall into a shaft and drop 2 floors!
  2059 | D:5      | Entered Level 5 of the Dungeon
  2073 | D:5      | Reached XP level 6. HP: 32/32 MP: 8/12
  2113 | D:5      | Learned a level 3 spell: Stone Arrow
  2417 | D:5      | Reached skill level 1 in Conjurations
  2446 | D:5      | Reached XP level 7. HP: 36/36 MP: 10/14
  2558 | D:5      | Reached skill level 5 in Spellcasting
  3133 | D:6      | Reached XP level 8. HP: 37/41 MP: 10/16
  3390 | D:4      | Found a bloodstained altar of Trog.
  3400 | D:4      | Reached skill level 5 in Conjurations
  4095 | D:4      | Reached XP level 9. HP: 45/45 MP: 13/18
  4234 | D:4      | Found a staircase to the Ecumenical Temple.
  4900 | Temple   | Entered the Ecumenical Temple
  5194 | D:6      | Found a glowing golden altar of the Shining One.
  5210 | D:6      | Found a large runed translucent door.
  5210 | D:6      | Found a large runed translucent door.
  5266 | D:6      | Found a sparkling altar of Nemelex Xobeh.
  5273 | D:6      | Found a radiant altar of Vehumet.
  5355 | D:6      | Found Gibounet's Armour Emporium.
  5363 | D:6      | Found Luiwn's Antique Armour Emporium.
  5415 | D:6      | Noticed a cyclops
  5481 | D:6      | Noticed bmack86's ghost (novice MiFi)
  5507 | D:6      | Became a worshipper of Vehumet
  5670 | D:7      | Noticed Menkaure
  5691 | D:7      | Killed Menkaure
  6177 | D:7      | Reached skill level 1 in Fighting
  6177 | D:7      | Reached skill level 1 in Armour
  7247 | D:7      | Found the +11 Singing Sword {sonic wave}
  7672 | D:6      | Bought a +2 robe of cold resistance for 194 gold pieces
  7747 | D:8      | Reached skill level 10 in Earth Magic
  8229 | D:8      | Reached XP level 10. HP: 51/54 MP: 11/21
  8636 | D:8      | Reached * piety under Vehumet
  8636 | D:8      | Offered knowledge of Freeze by Vehumet.
  9316 | D:8      | Found a burning altar of Makhleb.
  9702 | D:8      | Found a large runed translucent door.
  9703 | D:8      | Found a large runed translucent door.
 10506 | D:8      | Found a snail-covered altar of Cheibriados.
 10509 | D:8      | Found a hazy altar of Hepliaklqana.
 10877 | D:9      | Noticed a two-headed ogre
 11119 | D:9      | Noticed Maggie
 11130 | D:9      | Killed Maggie
 11612 | D:8      | Killed a two-headed ogre
 12432 | D:9      | Noticed Joseph
 12551 | D:9      | Killed Joseph
 12552 | D:9      | Reached skill level 5 in Fighting
 12552 | D:9      | Reached XP level 11. HP: 46/63 MP: 7/23
 12863 | D:9      | Found a staircase to the Lair.
 13011 | D:10     | Entered Level 10 of the Dungeon
 13145 | D:10     | HP: 2/64 [ynoxinul/iron shot[a kobold demonologist] (19)]
 13171 | D:9      | Noticed a two-headed ogre
 13431 | D:9      | Killed a two-headed ogre
 13747 | D:10     | Found a runed translucent gate.
 13747 | D:10     | Found a runed translucent gate.
 13747 | D:10     | Found a runed translucent gate.
 13748 | D:10     | Noticed billz999's ghost (journeyman DjIE)
 13774 | D:10     | Noticed Erolcha
 13786 | D:10     | Killed Erolcha
 13878 | D:10     | Noticed Nergalle
 13883 | D:10     | Killed Nergalle
 14142 | D:10     | Noticed Amaemon
 14188 | D:10     | Killed Amaemon
 14963 | D:10     | Reached skill level 5 in Dodging
 15076 | D:10     | Noticed a two-headed ogre
 15079 | D:10     | Killed a two-headed ogre
 15151 | D:10     | Found a shimmering altar of Xom.
 15166 | D:10     | Offered knowledge of Magic Dart by Vehumet.
 15273 | D:10     | Reached ** piety under Vehumet
 15517 | D:11     | Noticed a boulder beetle
 15859 | D:11     | Noticed a centaur warrior
 15859 | D:11     | Found the +4 robe of Folly {Brilliance Will-∞ Int+8}
 15859 | D:11     | Noticed a centaur warrior
 15860 | D:11     | Noticed a two-headed ogre
 15876 | D:12     | Killed a centaur warrior
 16047 | D:12     | Noticed a skeletal warrior
 16052 | D:11     | Killed a centaur warrior
 16231 | D:11     | Noticed a cyclops
 16233 | D:11     | Noticed an ettin
 16258 | D:11     | Killed an ettin
 16259 | D:11     | Reached XP level 12. HP: 71/71 MP: 12/25
 16514 | Lair:1   | Entered Level 1 of the Lair of Beasts
 16773 | Lair:1   | Noticed Gastronok
 16791 | Lair:1   | Killed Gastronok
 17210 | Lair:1   | Learned a level 5 spell: Lee's Rapid Deconstruction
 17624 | Lair:1   | Reached skill level 10 in Conjurations
 17624 | Lair:1   | Reached skill level 1 in Hexes
 18450 | Lair:2   | Offered knowledge of Ignite Poison by Vehumet.
 20044 | Lair:3   | Learned a level 3 spell: Tukima's Dance
 20049 | Lair:3   | Learned a level 4 spell: Leda's Liquefaction
 20467 | Lair:3   | Reached skill level 10 in Spellcasting
 21090 | Lair:3   | Found a hole to the Spider Nest.
 21095 | Lair:3   | Reached *** piety under Vehumet
 21717 | Lair:3   | Reached XP level 13. HP: 66/79 MP: 25/27
 21771 | Lair:3   | Found a staircase to the Shoals.
 25185 | Lair:5   | Entered Level 5 of the Lair of Beasts
 25552 | Lair:5   | Offered knowledge of Airstrike by Vehumet.
 25962 | Lair:5   | Reached skill level 5 in Hexes
 26538 | Lair:4   | Gained mutation: Your large and strong wings let you fly.
                  | [Gargoyle growth]
 26538 | Lair:4   | Reached XP level 14. HP: 62/87 MP: 21/28
 27852 | Lair:5   | Reached skill level 10 in Fighting
 28071 | Lair:5   | Reached **** piety under Vehumet
 28248 | Lair:5   | HP: 4/88 [seven-headed hydra (4)]
 28248 | Lair:5   | HP: 1/88 [seven-headed hydra (3)]
 28733 | Lair:5   | Found a viscous altar of Jiyva.
 28733 | Lair:5   | Found a staircase to the Slime Pits.
 31113 | Lair:5   | Offered knowledge of Fulminant Prism by Vehumet.
 32402 | Lair:5   | Identified the +1 scale mail of the Alphagorgon {+Blink
                  | rElec Str+2}
 32688 | Lair:5   | Noticed a dire elephant
 33625 | D:11     | Reached skill level 15 in Earth Magic
 33961 | D:11     | Reached XP level 15. HP: 94/94 MP: 23/30
 35576 | D:11     | Noticed a frost giant
 35584 | D:11     | Killed a frost giant
 35698 | D:11     | Identified the +5 longbow of the Endless Expanse {drain,
                  | rElec rF- rN+++ Str-5}
 35701 | D:11     | Identified the +7 double sword of Figidib {vamp, Int+2
                  | Dex+2}
 35708 | D:11     | Identified the +5 dagger "Sowul" {freeze, *Rage Will+
                  | Str+9}
 36724 | D:12     | Found a transporter.
 36727 | D:12     | Noticed testman's ghost (journeyman MfGl)
 37115 | D:12     | Identified the amulet "Vafuekimn" {Spirit rPois Int+4}
 37385 | D:12     | Reached ***** piety under Vehumet
 37409 | D:12     | Offered knowledge of Starburst by Vehumet.
 37621 | D:12     | Found a staircase to the Orcish Mines.
 37819 | D:12     | Noticed Frances
 37828 | D:12     | Killed Frances
 38173 | D:12     | Found a transporter.
 38495 | Orc:1    | Entered Level 1 of the Orcish Mines
 38495 | Orc:1    | Noticed Fannar
 38508 | D:12     | Killed Fannar
 38752 | Orc:1    | Found Puq Daja's Antique Weapon Shoppe.
 39376 | Orc:2    | Entered Level 2 of the Orcish Mines
 40304 | Orc:2    | Noticed Rupert
 40314 | Orc:2    | Killed Rupert
 40454 | Orc:2    | Found a staircase to the Elven Halls.
 40907 | Orc:2    | Offered knowledge of Spellforged Servitor by Vehumet.
 40916 | Orc:2    | Learned a level 7 spell: Spellforged Servitor
 41443 | Orc:2    | Reached skill level 1 in Summonings
 41923 | Orc:2    | Found Iwnar's Book Shop.
 41923 | Orc:2    | Found Reb Jaar's Assorted Antiques.
 41925 | Orc:2    | Found Orchyolatz's General Store.
 41925 | Orc:2    | Found Sikh's Assorted Antiques.
 42240 | Orc:2    | Bought Etahurox's Tome of the Barrage and the Plateau for
                  | 570 gold pieces
 42532 | D:13     | Learned a level 6 spell: Iron Shot
 42799 | D:13     | Noticed Azrael
 42807 | D:13     | Killed Azrael
 43226 | D:13     | Reached skill level 1 in Shields
 43353 | D:13     | Reached XP level 16. HP: 101/101 MP: 7/32
 44113 | D:13     | Noticed Sonja
 44115 | D:13     | Killed Sonja
 45042 | D:13     | Found a gate to the Vaults.
 45198 | D:14     | Noticed Lodul
 45212 | D:13     | Reached skill level 10 in Dodging
 45212 | D:13     | Killed Lodul
 46142 | D:14     | Found Neitais's Armour Emporium.
 46445 | D:14     | Bought a +2 buckler of protection for 236 gold pieces
 46770 | D:14     | Found a runed translucent gate.
 46771 | D:14     | Found a runed translucent gate.
 46772 | D:14     | Noticed Jocum's ghost (journeyman MiFi)
 46783 | D:14     | Gained mutation: Your body sometimes deteriorates upon
                  | taking damage. [a neqoxec]
 46784 | D:14     | Found a runed translucent gate.
 46871 | D:14     | Reached skill level 5 in Armour
 47058 | D:14     | Found an iron altar of Okawaru.
 47268 | D:14     | Noticed Agnes
 47273 | D:14     | Killed Agnes
 47717 | D:15     | Entered Level 15 of the Dungeon
 47717 | D:15     | Noticed Nessos
 47724 | D:15     | Killed Nessos
 48046 | D:15     | Found an opulent altar of Gozag.
 48140 | D:15     | Offered knowledge of Freezing Cloud by Vehumet.
 48622 | D:15     | Found a glowing silver altar of Zin.
 48745 | D:15     | Reached skill level 5 in Shields
 48761 | D:15     | Found a staircase to the Depths.
 49081 | D:6      | Killed bmack86's ghost
 49311 | D:10     | Killed billz999's ghost
 49515 | D:12     | Reached XP level 17. HP: 76/109 MP: 15/34
 49523 | D:12     | HP: 3/109 [something (18)]
 50261 | D:12     | Killed testman's ghost
 50554 | Spider:1 | Entered Level 1 of the Spider Nest
 51601 | Spider:1 | Reached skill level 5 in Summonings
 53462 | Spider:1 | Identified the +8 spear "Vukim" {heavy, Str+6 Dex+4}
 53537 | Spider:1 | Offered knowledge of Orb of Destruction by Vehumet.
 55130 | Spider:1 | Identified a scroll of acquirement
 55131 | Spider:1 | Acquired 1048 gold pieces
 57314 | Spider:4 | Entered Level 4 of the Spider Nest
 58012 | Spider:3 | Identified the +0 leather armour of Fedhas's Envy {Rampage
                  | +Blink rC-}
 58647 | Spider:3 | Learned a level 5 spell: Borgnjor's Vile Clutch
 58666 | Spider:4 | Offered knowledge of Fireball by Vehumet.
 58673 | Spider:4 | Learned a level 5 spell: Fireball
 58787 | Spider:4 | Reached XP level 18. HP: 117/117 MP: 10/36
 59113 | Spider:4 | Reached ****** piety under Vehumet
 62090 | Spider:4 | Got a gossamer rune of Zot
 62650 | D:14     | Reached skill level 15 in Fighting
 62657 | D:13     | Killed Jocum's ghost
 63256 | Shoals:1 | Entered Level 1 of the Shoals
 63705 | Shoals:1 | Identified the +7 hand axe of Terror {elec, Fly Dex+3}
 63715 | Shoals:1 | Offered knowledge of Yara's Violent Unravelling by Vehumet.
 63758 | Shoals:1 | Learned a level 5 spell: Yara's Violent Unravelling
 63832 | Shoals:1 | Noticed Louise
 63857 | Shoals:1 | Killed Louise
 65468 | Shoals:2 | Reached skill level 10 in Shields
 65951 | Shoals:3 | Noticed Bai Suzhen
 65963 | Shoals:3 | Reached skill level 15 in Spellcasting
 65980 | Shoals:3 | Reached XP level 19. HP: 77/124 MP: 4/38
 66594 | Shoals:3 | Killed Bai Suzhen
 67312 | Shoals:4 | Entered Level 4 of the Shoals
 68086 | Shoals:4 | Offered knowledge of Ozocubu's Refrigeration by Vehumet.
 68089 | Shoals:4 | Identified the ring of Miam {rC+ Int+4}
 68799 | Shoals:4 | Got a barnacled rune of Zot
 69748 | Vaults:1 | Entered Level 1 of the Vaults
 69751 | Vaults:1 | Found Oxzaf's Armour Shoppe.
 70446 | Vaults:1 | Found Gexkonu's Book Boutique.
 70705 | Vaults:1 | Offered knowledge of Fire Storm by Vehumet.
 70705 | Vaults:1 | Offered knowledge of Chain Lightning by Vehumet.
 70705 | Vaults:1 | Offered knowledge of Polar Vortex by Vehumet.
 71911 | Vaults:1 | Identified the +0 buckler "Mewagyis" {rElec rC++ Regen+
                  | Int-3}
 72055 | Vaults:2 | Reached XP level 20. HP: 113/134 MP: 31/40
 72250 | Vaults:2 | Identified the +8 scimitar "Lidairang" {antimagic, Dex+3}
 72311 | Vaults:2 | Identified the +0 kite shield of Midwinter {rN+ rCorr
                  | Stlth-}
 72311 | Vaults:2 | Noticed Donald
 72322 | Vaults:2 | Killed Donald
 72882 | Vaults:2 | Identified the +7 battleaxe of Tender Mercy {vamp, rC+
                  | Str-2 SInv}
 72915 | Vaults:2 | Found a staircase to the Crypt.
 73973 | Vaults:3 | Noticed Jory
 74263 | Vaults:3 | Killed Jory
 74341 | Vaults:3 | Found a glowing golden altar of the Shining One.
 74342 | Vaults:3 | Found a crumbling gateway.
 74342 | Vaults:3 | Found a glowing silver altar of Zin.
 74442 | Vaults:3 | Found a white marble altar of Elyvilon.
 74451 | Desolati | Entered the Desolation of Salt
 74678 | Desolati | Found the +3 Mad Mage's Maulers {Infuse+∞ VampMP -Cast}
 74687 | Desolati | Identified the +7 chain mail of Evolution {Int+4 Slay+3}
 74986 | Desolati | Slain by a saltling

Illustrated notes

Levels and vault maps discovered:
D:1:      sevenhm_arrival_forest_fort_large_2, layout_basic, serial_shops,
          nicolae_square_shop
D:2:      layout_rooms, hangedman_feature_mirror,
          chequers_serial_rivers_large_a, uniq_jessica, uniq_crazy_yiuf_cottage
D:3:      layout_rooms, minivault_11
D:4:      layout_layer_cave, mainiacjoe_overflow_cross_hatched,
          minmay_temple_entry_antechambers
D:5:      layout_gridville
D:6:      layout_rooms, overflow_temple_1_default, nicolae_overflow_squiral,
          ebering_ghost_disaster_area, nicolae_wooded_promenade,
          minmay_small_thing
D:7:      old_forge, layout_basic, uniq_menkaure
D:8:      layout_layer_cave, mainiacjoe_overflow_boulevard,
          jmf_multi_god_temple2, corexii_checkpoint_b
D:9:      layout_big_octagon, grunt_lair_entry_orc_guard_hut,
          hangedman_glass_teeth, uniq_maggie, uniq_joseph
D:10:     layout_roguey, led_xom_imps, gammafunk_ghost_nasty_kobolds,
          uniq_erolcha, uniq_nergalle, uniq_amaemon
D:11:     giant_chief_lemuel, layout_loops_ring,
          hangedman_abyss_or_decor_clamps, minmay_checkerbox
D:12:     layout_grid_maze, erik_orc_1, gammafunk_ghost_mausoleum, uniq_frances
D:13:     layout_grid_maze, hangedman_vaults_entry_quadrant_bands, uniq_azrael,
          uniq_sonja
D:14:     nzn_winding_woodlands_medium [nzn_winding_woodlands_5x5_perimeter,
          nzn_winding_woodlands_5x15_parted,
          nzn_winding_woodlands_5x5_checkerboard,
          nzn_winding_woodlands_hourglass,
          nzn_winding_woodlands_center_diamonds,
          nzn_winding_woodlands_5x5_default, nzn_winding_woodlands_5x5_cross,
          nzn_winding_woodlands_5x15_jagged,
          nzn_winding_woodlands_5x5_closed_star], layout_cave_pools,
          gammafunk_ghost_fury_of_okawaru, serial_shops, nicolae_shop_trees,
          serial_demonic, serial_demonic_e, serial_demonic_f, serial_demonic_c,
          serial_demonic_a, uniq_lodul, uniq_agnes
D:15:     gammafunk_enter_depths_forms, layout_cave_pools, serial_glass,
          glass_columns_b, glass_columns_a, grunt_gozag_breadcrumbs,
          zin_academy, uniq_nessos
Temple:   nicolae_temple_bog_church
Lair:1:   wad_woods_structure_01, layout_regular_city, serial_bayou,
          serial_bayou_lake_a, serial_bayou_pond_d, serial_bayou_crossing,
          serial_bayou_pond_c, uniq_gastronok
Lair:2:   layout_long_grid
Lair:3:   layout_misc_corridors, nicolae_shoals_entry_roost,
          spider_nest_entry_rubble
Lair:4:   layout_small_grid, grunt_megastairs_1
Lair:5:   grunt_lair_end_beastmaster, layout_big_grid, slime_entry_1,
          nicolae_lair_lakeside_cave, grunt_megastairs_3
Shoals:1: layout_shoals, abandoned_shop, uniq_louise
Shoals:2: layout_shoals, nicolae_shoals_goliath_grotto
Shoals:3: layout_shoals, nicolae_shoals_so_close, uniq_bai_suzhen
Shoals:4: shoals_end_grunt_ice, layout_shoals
Spider:1: layout_spider_delve
Spider:2: layout_chambers, special_room [special_room_bee]
Spider:3: layout_chambers, hangedman_spider_tarantella_strand
Spider:4: grunt_spider_rune_circles, drop_trap
Orc:1:    layout_caves, serial_shops, nicolae_shop_trees, uniq_fannar
Orc:2:    grunt_orc_tribal_feast, layout_caves, basic_altar, uniq_rupert
Vaults:1: ontoclasm_vaults_pinch, nicolae_vaults_windows_and_doors_thing,
          dpeg_vaults_hating_casters, nicolae_vaults_circle_grid_a,
          grunt_vaults_funnel, hangedman_vaults_corner, vaults_standard_mumra_x,
          layout_vaults_omnicross, serial_shops, nicolae_shop_crystal, shop
Vaults:2: v_misc_33, ontoclasm_vaults_eye, minmay_crypt_entry_simple_sparse,
          vaults_room_corners, vaults_room_grid, v_misc_28, vaults_dpeg_spiral,
          layout_vaults_omnigrid, uniq_donald
Vaults:3: portal_desolation_entry_holy_temple, hangedman_vaults_capsules,
          v_pattern_3, nicolae_vaults_mini_display_case,
          nicolae_vaults_three_branches, ontoclasm_vaults_decontamination,
          layout_vaults_big_room, uniq_frederick, uniq_jory
Desolation

Skill      XL: |  1  2  3  4  5  6  7  8  9 10 11 12 13 14 15 16 17 18 19 20 |
---------------+-------------------------------------------------------------+-----
Earth Magic    | 4 5 6 7 9 10 11 12 13 14 15 16 17 | 17.1
Spellcasting   | 3 4 5 6 7 8 9 10 11 12 13 14 15 16 | 16.5
Conjurations   | 1 3 5 7 8 9 10 11 12 13 14 | 14.4
Fighting       | 2 5 6 8 9 11 12 13 14 15 17 | 17.6
Armour         | 2 3 5 |  5.0
Dodging        | 2 4 5 6 7 8 9 10 11 12 13 14 | 14.0
Hexes          | 3 5 |  5.0
Summonings     | 1 4 6 7 8 |  8.0
Shields        | 1 5 7 10 | 10.0
Stealth        | |  2.1
Transmutations | |  0.7

Action                   |  1- 3 |  4- 6 |  7- 9 | 10-12 | 13-15 | 16-18 | 19-21 || total
-------------------------+-------+-------+-------+-------+-------+-------+-------++-------
Melee: Unarmed           |     1 |       |    17 |       |       |       |       ||    18
       Flail             |       |       |       |    18 |    37 |       |       ||    55
       Punch             |       |       |       |       |     4 |       |       ||     4
       Double sword      |       |       |       |       |    51 |    98 |    50 ||   199
 Cast: Sandblast         |    33 |    63 |   102 |   181 |   295 |   209 |       ||   883
       Stone Arrow       |       |       |    46 |   180 |   225 |    10 |     6 ||   467
       Leda's Liquefacti |       |       |       |     1 |     7 |       |       ||     8
       Lee's Rapid Decon |       |       |       |       |   245 |   263 |    34 ||   542
       Iron Shot         |       |       |       |       |       |   269 |   271 ||   540
       Borgnjor's Vile C |       |       |       |       |       |     2 |       ||     2
       Spellforged Servi |       |       |       |       |       |    23 |    72 ||    95
       Yara's Violent Un |       |       |       |       |       |     1 |       ||     1
Evoke: Wand              |       |       |       |     1 |     6 |    13 |     1 ||    21
  Use: Scroll            |       |       |     9 |    16 |     9 |    11 |    12 ||    57
       Potion            |       |       |       |     3 |     1 |     4 |     3 ||    11
 Stab: Distracted        |       |       |       |       |       |       |     1 ||     1
Armor: Robe              |     4 |     9 |    22 |    53 |       |       |       ||    88
       Swamp dragon scal |       |       |       |   160 |   385 |   109 |       ||   654
       Acid dragon scale |       |       |       |       |       |   324 |   235 ||   559
Dodge: Dodged            |     8 |    14 |    41 |   234 |   383 |   447 |   219 ||  1346
Block: Buckler           |       |       |       |       |       |   295 |   157 ||   452
       Reflection        |       |       |       |       |       |    18 |       ||    18
       Other             |       |       |       |       |       |     5 |       ||     5

Table legend: (Time is in decaauts)
 A = Elapsed time spent in this place.
 B = Non-inter-level travel time spent in this place.
 C = Inter-level travel time spent in this place.
 D = Time resting spent in this place.
 E = Time spent auto-exploring this place.
 F = Levels seen in this place.
 G = Mean time per level.
                   A        B        C        D        E       F      G
               +--------+--------+--------+--------+--------+-----+--------+
         Total |  75797 |  71506 |   4291 |  28663 |  30305 |  35 | 2165.6 |
       Dungeon |  31838 |  29157 |   2681 |  10345 |  13935 |  15 | 2122.5 |
        Temple |    200 |    185 |     15 |      0 |    150 |   1 |  200.0 |
          Lair |  17711 |  16874 |    837 |   8483 |   5471 |   5 | 3542.2 |
        Shoals |   6310 |   6125 |    185 |   1918 |   2956 |   4 | 1577.5 |
   Spider Nest |  10751 |  10374 |    377 |   4840 |   3855 |   4 | 2687.8 |
  Orcish Mines |   3732 |   3641 |     91 |   1360 |   1635 |   2 | 1866.0 |
        Vaults |   4704 |   4602 |    102 |   1508 |   2278 |   3 | 1568.0 |
    Desolation |    549 |    549 |      0 |    208 |     24 |   1 |  549.0 |
               +--------+--------+--------+--------+--------+-----+--------+

Top non-repeatable levels by time:
  Lair:4: 5606 daAuts
  Lair:3: 4872 daAuts
Spider:3: 3940 daAuts
  Lair:5: 3752 daAuts
    D:13: 3595 daAuts
     D:9: 3584 daAuts
    D:12: 3504 daAuts
    D:11: 3370 daAuts
     D:8: 3223 daAuts
    D:10: 2880 daAuts
Spider:2: 2598 daAuts
   Orc:2: 2503 daAuts
Vaults:2: 2282 daAuts
Vaults:1: 2254 daAuts
Spider:1: 2241 daAuts
